 Dungeon Sprint DCSS version 0.24.0-125-gc4c63601f3 (webtiles) character file.

Game seed: 17934908704926028289, levelgen mode: deterministic

131 Ponchio the Geomancer (level 4, -2/24 HPs)
             Began as a Deep Elf Earth Elementalist on Feb 29, 2020.
             Slain by a flying skull (5 damage)
             ... in the Dungeon (Sprint II: "The Violet Keep of Menkaure").
             The game lasted 00:02:01 (240 turns).

Ponchio the Geomancer (Deep Elf Earth Elementalist)  Turns: 240, Time: 00:02:02

Health: -2/24      AC:  2    Str:  5    XL:     4   Next: 91%
Magic:  16/16      EV: 13    Int: 21    God:
Gold:   243        SH:  0    Dex: 15    Spells: 18/19 levels left

rFire    . . .     SeeInvis .   (no weapon)
rCold    . . .     Gourm    .   (no shield)
rNeg     . . .     Faith    .   c - +0 robe
rPois    .         Spirit   .   (no helmet)
rElec    .         Reflect  .   (no cloak)
rCorr    .         Harm     .   (no gloves)
MR       .....     NoTele   +   (no boots)
Stlth    +.........             (no amulet)
HPRegen  0.08/turn              (no ring)
MPRegen  0.15/turn              (no ring)

@: very slow
A: no striking features
a: no special abilities


You were in the Dungeon.
You were not hungry.

You visited 1 branch You collected 243 gold pieces.

Inventory:

Missiles
 b - 15 stones (quivered)
Armour
 c - a +0 robe (worn)
Scrolls
 j - a scroll of blinking
Potions
 e - a potion of curing
 i - a potion of berserk rage
Comestibles
 d - a ration


   Skills:
 - Level 2.4 Dodging
 - Level 2.4 Stealth
 + Level 8.0 Spellcasting
   Level 1.1 Transmutations
 + Level 9.4 Earth Magic


You had 18 spell levels left.
You knew the following spells:

 Your Spells              Type           Power        Failure   Level  Hunger
a - Sandblast             Erth           #####.       1%          1    None

Your spell library contained the following spells:

 Spells                   Type           Power        Failure   Level  Hunger
 Passwall                 Tmut/Erth      ####....     1%          2    None
 Stone Arrow              Conj/Erth      ####..       3%          3    None
 Lee's Rapid Deconstruct  Erth           #####.....   4%          5    #####..
 Petrify                  Tmut/Erth      ####....     9%          4    ###....


Dungeon Overview and Level Annotations

Branches:
Dungeon (1/1)

Altars:
Wu Jian
The Shining One


Message History

Moving in this stuff is going to be slow. 3 flying skulls come into view.
The flying skull gives a hideous shriek! x3
You hear a hideous shriek! x3
A flying skull comes into view. x2 3 flying skulls come into view.
The flying skull gives a hideous shriek! x2
A flying skull comes into view.
The flying skull misses you. The flying skull barely misses you.
The flying skull gives a hideous shriek! x2
You hear a hideous shriek!
The flying skull hits you! The flying skull hits you.
The flying skull hits you!
* * * LOW HITPOINT WARNING * * *
A flying skull comes into view.
You hit the flying skull but do no damage.
The flying skull misses you. The flying skull closely misses you. x2
The flying skull hits you but does no damage.
The flying skull hits you.
You die...

#....# ###..##
#+###.##..#
##.##..##..#
+.<.†##.'..###
##.##..##....###.
#+###.##..§...≈≈≈
###≈≈§§§..≈#+
#@z≈§≈≈≈..≈#.
#zz≈§§§≈≈.≈#_
#zzz§≈§§≈§§≈#.
○≈z≈≈≈≈≈§§≈≈≈#_
#zz'#≈≈≈≈≈§≈≈≈#.
.○○.☼○##§≈≈###≈§#
.z..○☼ #≈≈# §≈
°°°°.. ≈≈#


You could see 10 flying skulls.

Vanquished Creatures
  A tyrant leech (D)
  4 worker ants (D)
5 creatures vanquished.

Vanquished Creatures (others)
  A crocodile (D)
1 creature vanquished.

Grand Total: 6 creatures vanquished

Notes
Turn   | Place    | Note
-------+----------+-------------------------------------------
     0 | D        | Ponchio the Deep Elf Earth Elementalist began the quest for
                  | the Orb.
     0 | D        | Reached XP level 1. HP: 10/10 MP: 6/6
     1 | D        | Noticed a worker ant
     1 | D        | Noticed a worker ant
     1 | D        | Noticed a worker ant
     1 | D        | Noticed a worker ant
    13 | D        | Killed a worker ant
    13 | D        | Reached skill level 5 in Spellcasting
    13 | D        | Reached skill level 6 in Earth Magic
    13 | D        | Reached XP level 2. HP: 6/15 MP: 3/10
    16 | D        | Reached skill level 7 in Earth Magic
    16 | D        | Reached XP level 3. HP: 8/19 MP: 0/12
    19 | D        | Reached XP level 4. HP: 10/24 MP: 11/14
    20 | D        | Reached skill level 8 in Earth Magic
   113 | D        | Killed a crocodile
   202 | D        | Noticed a tyrant leech
   213 | D        | Killed a tyrant leech
   213 | D        | Reached skill level 9 in Earth Magic
   225 | D        | Noticed a crocodile
   235 | D        | Found a glowing golden altar of the Shining One.
   235 | D        | Found an ornate altar of the Wu Jian Council.
   236 | D        | Noticed a flying skull
   237 | D        | Noticed a flying skull
   237 | D        | Noticed a flying skull
   237 | D        | Noticed a flying skull
   237 | D        | Noticed a flying skull
   237 | D        | Noticed a flying skull
   238 | D        | Noticed a flying skull
   238 | D        | Noticed a flying skull
   238 | D        | Noticed a flying skull
   238 | D        | Noticed a flying skull
   239 | D        | Noticed a flying skull
   240 | D        | Slain by a flying skull

Levels and vault maps discovered:
D:        the_violet_keep_of_menkaure [sprint2_stairs_cluster_1,
          sprint2_shoproom, sprint2_temple, sprint2_basic_supplies,
          sprint2_obstacle_1, sprint2_obstacle_4, sprint2_obstacle_7,
          sprint2_obstacle_5, sprint2_obstacle_3, sprint2_timed_cluster_1,
          sprint2_smallroom_cluster_1, sprint2_smallroom_final_cluster_1,
          sprint2_transparent_cluster_1, sprint2_second_timed_cluster_1,
          sprint2_sniper_area_1, sprint2_heavy_combat_area_1,
          sprint2_mutation_trap_area_1, sprint2_forest_area_1,
          sprint2_light_combat_area_1, sprint2_behind_water_1,
          sprint2_near_end_vault_1]

Skill      XL: |  1  2  3  4 |
---------------+-------------+-----
Spellcasting   | 5 6 8 |  8.0
Earth Magic    | 6 7 9 |  9.4
Dodging        | |  2.4
Stealth        | |  2.4
Transmutations | |  1.1

Action                   |  1- 3 |  4- 6 || total
-------------------------+-------+-------++-------
Melee: Unarmed           |       |     1 ||     1
 Cast: Sandblast         |    12 |     3 ||    15
  Use: Potion            |     4 |       ||     4
Armor: Robe              |       |     1 ||     1
Dodge: Dodged            |     8 |     5 ||    13
